 Dungeon Crawl Stone Soup version 0.32-a0-928-g1cae6b7ea0 (webtiles) character file.

Game seed: 1781288240793318283

625 Doorstop00 the Trooper (level 7, 0/47 HPs)
             Began as a Gargoyle Fighter on Apr 12, 2024.
             Slain by Prince Ribbit (4 damage)
             ... on level 5 of the Dungeon.
             The game lasted 00:14:43 (4392 turns).

Doorstop00 the Trooper (Gargoyle Fighter)           Turns: 4392, Time: 00:14:43

Health: 0/47       AC: 15    Str: 21    XL:     7   Next: 47%
Magic:  10/10      EV:  8    Int:  9    God:
Gold:   308        SH:  4    Dex:  9    Spells: 10/10 levels left

rFire   + . .        v - +0 morningstar
rCold   . . .        c - +0 buckler
rNeg    + . .        b - +0 scale mail
rPois   ∞            (no helmet)
rElec   +            u - +1 cloak
rCorr   .            (no gloves)
SInv    +            l - +0 pair of boots
Will    .....        (no amulet) Stlth
                     g - ring of protection from fire
HPRegen 0.27/turn    r - ring of see invisible
MPRegen 0.12/turn

%: no passive effects
@: no status effects
A: sickness immunity, AC +4, negative energy resistance 1, electricity
resistance, torment resistance 1, petrification resistance
a: no special abilities


You were on level 5 of the Dungeon.
You visited 1 branch of the dungeon, and saw 5 of its levels.

You collected 308 gold pieces.

Inventory:

Hand Weapons
 a - a +0 flail
 v - a +0 morningstar (weapon)
Missiles
 n - a throwing net (quivered)
Armour
 b - a +0 scale mail (worn)
 c - a +0 buckler (worn)
 l - a +0 pair of boots (worn)
 u - a +1 cloak (worn)
Jewellery
 g - a ring of protection from fire (left hand)
 r - a ring of see invisible (right hand)
 w - an amulet of the acrobat
Wands
 m - a wand of light (13)
Scrolls
 h - 2 scrolls of immolation
 o - a scroll of summoning {unknown}
 p - a scroll of teleportation
 q - a scroll of enchant weapon {unknown}
 s - a scroll of fog {unknown}
 t - a scroll of blinking {unknown}
 x - a scroll of revelation
Potions
 d - 2 potions of might
 e - a potion of curing
 f - 2 potions of lignification
 i - 2 potions of cancellation
 j - a potion of heal wounds
 k - a potion of attraction
 z - a potion of brilliance {unknown}


   Skills:
 * Level 6.4 Fighting
 * Level 3.6 Maces & Flails
 * Level 4.1 Armour
 * Level 1.2 Dodging
 + Level 0.3 Stealth
 * Level 3.7 Shields
 - Level 2.1 Unarmed Combat
 - Level 2.3 Spellcasting


You had 10 spell levels left.
You didn't know any spells.
Your spell library contained the following spells:

 Spells                   Type           Power      Damage    Failure   Level
 Sting                    Conj/Alch      4%         1d3       71%         1
 Summon Small Mammal      Summ           4%         N/A       71%         1
 Mercury Vapours          Alch/Air       2%         N/A       85%         2
 Call Canine Familiar     Summ           1%         N/A       97%         3
 Olgreb's Toxic Radiance  Alch           1%         N/A       100%        4
 Summon Blazeheart Golem  Fire/Summ      1%         N/A       100%        4
 Malign Gateway           Summ/Tloc      0%         N/A       100%        7
 Summon Horrible Things   Summ           0%         N/A       100%        8


Dungeon Overview and Level Annotations

Branches:
Dungeon (5/15)
 Temple: D:4-7

Altars:
Ru

Shops:
D:3 (

Annotations:
D:2 1 runed translucent door, Crazy Yiuf
D:4 Dowan, Duvessa
D:5 Prince Ribbit


Innate Abilities, Weirdness & Mutations

You are immune to sickness and miasma.
Your stone body is resilient. (AC +4)
You are immune to poison.
You resist negative energy. (rN+)
You are resistant to electric shocks. (rElec)
You are resistant to unholy torment.
You are immune to petrification.


Message History

You sock the black bear!
You kill the black bear!
Your Armour skill increases to level 4!
You see here a black bear corpse.
You now have 308 gold pieces (gained 7).
z - a ruby potion
Okay, then.
You start resting.
HP restored.
Found a sacrificial altar of Ru.
Found a stone staircase leading down.
Prince Ribbit comes into view.
Prince Ribbit gives a loud, deep croak!
Prince Ribbit blinks!
You barely miss Prince Ribbit. Prince Ribbit barely misses you.
You miss Prince Ribbit. Prince Ribbit hits you!
You block Prince Ribbit's attack.
You barely miss Prince Ribbit. Prince Ribbit closely misses you.
Prince Ribbit hits you but does no damage.
You closely miss Prince Ribbit.
Prince Ribbit hits you but does no damage.
Prince Ribbit blinks!
Prince Ribbit completely misses you.
You closely miss Prince Ribbit. Prince Ribbit hits you. Prince Ribbit hits you!
You miss Prince Ribbit. Prince Ribbit hits you!
Prince Ribbit hops awkwardly around.
Prince Ribbit hits you!
* * * LOW HITPOINT WARNING * * *
You barely miss Prince Ribbit.
Prince Ribbit hits you but does no damage.
Prince Ribbit lets out a mournful croak.
Prince Ribbit hits you but does no damage.
You closely miss Prince Ribbit. Prince Ribbit hits you.
* * * LOW HITPOINT WARNING * * *
Prince Ribbit blinks!
You are too injured to fight recklessly!
You are too injured to fight recklessly!
You are too injured to fight recklessly!
You miss Prince Ribbit. Prince Ribbit hits you.
You die...

##ß. .ß## ###. .####
.#ß >#.# .# #.# .#
#.# .# #.### .#
#######...# ##
#....####.##
##.#######@.# ##..#
##.###F#
###..####..# #.##
#...###...## #..#
####.#####.### ##.#
#...........######.#
.............#.....#
)..................#
...................#


You could see Prince Ribbit.

Vanquished Creatures
  2 black bears
  A phantom (D:5)
  An orc priest (D:5)
  2 jellies (D:4)
  2 hounds (D:4)
  An iguana (D:3)
  Ijyb (D:5)
  2 orc wizards
  2 adders (D:4)
  A shadow imp (D:3)
  3 dart slugs
  A ribbon worm (D:3)
  11 orcs (D:4)
  11 ball pythons
  6 bats
  4 endoplasms
  2 giant cockroaches
  7 goblins
  12 hobgoblins
  A quokka (D:4)
  9 frilled lizards
  5 kobolds
  7 rats
94 creatures vanquished.

Notes
Turn   | Place    | Note
-------+----------+-------------------------------------------
     0 | D:1      | Doorstop00 the Gargoyle Fighter began the quest for the
                  | Orb.
     0 | D:1      | Reached XP level 1. HP: 14/14 MP: 1/1
   113 | D:1      | Reached XP level 2. HP: 20/20 MP: 2/2
   903 | D:2      | Reached skill level 4 in Fighting
   970 | D:2      | Reached XP level 3. HP: 24/24 MP: 4/4
  1102 | D:2      | Reached skill level 1 in Unarmed Combat
  1211 | D:2      | Found a runed translucent door.
  1212 | D:2      | Noticed Crazy Yiuf
  1374 | D:2      | Reached skill level 1 in Spellcasting
  2032 | D:3      | Reached XP level 4. HP: 30/30 MP: 4/6
  2189 | D:3      | Found Zeivieq's Weapon Boutique.
  2725 | D:4      | Reached skill level 5 in Fighting
  2725 | D:4      | Reached XP level 5. HP: 35/35 MP: 7/7
  2938 | D:4      | Reached XP level 6. HP: 38/41 MP: 9/9
  3357 | D:5      | Entered Level 5 of the Dungeon
  3484 | D:5      | Reached skill level 6 in Fighting
  3511 | D:5      | Noticed Duvessa
  3511 | D:5      | Noticed Dowan
  3535 | D:4      | HP: 2/41 [Duvessa/+0 short sword (4)]
  3653 | D:5      | Identified the +3 spear "Voes" {heavy, rF+ rN++ Str-3}
  3870 | D:5      | Noticed a black bear
  3884 | D:4      | Killed a black bear
  3885 | D:4      | Reached XP level 7. HP: 22/46 MP: 10/10
  4040 | D:5      | Noticed Ijyb
  4054 | D:5      | Reached skill level 1 in Dodging
  4076 | D:5      | Killed Ijyb
  4314 | D:5      | Found a sacrificial altar of Ru.
  4379 | D:5      | Noticed Prince Ribbit
  4392 | D:5      | Slain by Prince Ribbit

Illustrated notes

Levels and vault maps discovered:
D:1:      dpeg_arrival_shrine, layout_loops_ring, minivault_23
D:2:      layout_loops_ring, minmay_goblin_kobold_house, uniq_crazy_yiuf_cottage
D:3:      layout_basic, serial_shops, nicolae_shop_getting_attention
D:4:      layout_loops_ring, serial_park_tiny_2
D:5:      layout_rooms, nicolae_overflow_hidden_temple, uniq_duvessa, uniq_ijyb,
          uniq_prince_ribbit1

Skill      XL: |  1  2  3  4  5  6  7 |
---------------+----------------------+-----
Fighting       | 4 5 6 |  6.4
Unarmed Combat | 1 2 |  2.1
Spellcasting   | 1 2 |  2.3
Maces & Flails | 3 |  3.6
Dodging        | 1 |  1.2
Armour         | 4 |  4.1
Stealth        | |  0.3
Shields        | |  3.7

Action                     |  1- 3 |  4- 6 |  7- 9 || total
---------------------------+-------+-------+-------++-------
  Melee: Flail             |   188 |   112 |       ||   300
         Morningstar       |       |    55 |    50 ||   105
    Use: Scroll            |     7 |     3 |       ||    10
         Potion            |       |     1 |     1 ||     2
 Armour: Scale mail        |   163 |   195 |    64 ||   422
  Dodge: Dodged            |    77 |    89 |    23 ||   189
  Block: Buckler           |    36 |    44 |    12 ||    92

Table legend: (Time is in decaauts)
 A = Elapsed time spent in this place.
 B = Non-inter-level travel time spent in this place.
 C = Inter-level travel time spent in this place.
 D = Time resting spent in this place.
 E = Time spent auto-exploring this place.
 F = Levels seen in this place.
 G = Mean time per level.
                   A        B        C        D        E       F      G
               +--------+--------+--------+--------+--------+-----+--------+
         Total |   4540 |   4355 |    185 |    621 |   2543 |   5 |  908.0 |
       Dungeon |   4540 |   4355 |    185 |    621 |   2543 |   5 |  908.0 |
               +--------+--------+--------+--------+--------+-----+--------+

Top non-repeatable levels by time:
     D:4: 1373 daAuts
     D:2: 1009 daAuts
     D:1: 864 daAuts
     D:3: 817 daAuts
     D:5: 475 daAuts
